3R
BOMPTON BABY LAKERS @ OGALLALA OCTOPI
09/05/2042
 
TOP OF THE 1ST
Bompton Baby Lakers batting - Pitching for Ogallala Octopi : RHP Andy Harvey
Pitching: RHP Andy Harvey
Batting: LHB Leonardo Valdéz 0-0: Called Strike
0-1: Bunted foul
0-2: Ball
1-2: Foul Ball, location: 2F
1-2: Foul Ball, location: 2F
1-2: Ball
2-2: Strikes out swinging
Batting: LHB Ron Stevenson 0-0: Called Strike
0-1: Ball
1-1: Ball
2-1: Foul Ball, location: 2F
2-2: Strikes out looking
Batting: RHB Jason Wilson 0-0: Ball
1-0: Ball
2-0: Called Strike
2-1: Ball
3-1: Foul Ball, location: 2F
3-2: Strikes out swinging, 2-3 out at first.
Top of the 1st over - 0 runs, 0 hits, 0 errors, 0 left on base; Bompton 0 - Ogallala 0
BOTTOM OF THE 1ST
Ogallala Octopi batting - Pitching for Bompton Baby Lakers : RHP Duane Coleman
Pitching: RHP Duane Coleman
Batting: LHB Carlos Velardes 0-0: Called Strike
0-1: Called Strike
0-2: Ball
1-2: Ball
2-2: Ball
3-2: Ground out 4-3 (Groundball, 4, EV 85.0 MPH)
Batting: RHB Roberto Flores 0-0: Called Strike
0-1: SINGLE (Line Drive, 6D, EV 95.0 MPH)
Batting: RHB Bill Uttley 0-0: Called Strike
0-1: Ball
1-1: SINGLE (Line Drive, 6MD, EV 105.0 MPH)
Roberto Flores to second
Batting: RHB Jim Wood 0-0: Foul Ball, location: 2F
0-1: Called Strike
0-2: Foul Ball, location: 2F
0-2: Foul Ball, location: 2F
0-2: Ball
1-2: Ball
2-2: SINGLE (Line Drive, 8LS, EV 107.5 MPH)
Roberto Flores to third
Bill Uttley to second
Runner from 3rd tries for Home, SAFE, throw by CF to home
Batting: SHB Ramón Cervantes 0-0: Called Strike
0-1: Foul Ball, location: 2F
0-2: Ball
1-2: Fly out, F8 (Line Drive, 8RM, EV 92.5 MPH)
Batting: RHB Tetsuhiko Baba 0-0: SINGLE (Line Drive, 6D, EV 105.6 MPH)
Bill Uttley to third
Jim Wood to second
Runner from 3rd tries for Home, SAFE, throw by CF to home
Batting: SHB Lyonya Wanyushin 0-0: Ball
Jim Wood steals 3rd base
1-0: Ball
2-0: Ball
3-0: Base on Balls
Tetsuhiko Baba to second
Batting: RHB Jack Lang 0-0: Ball
1-0: Ball
2-0: Called Strike
2-1: Foul Ball, location: 2F
2-2: Ball
3-2: Strikes out looking
Bottom of the 1st over - 2 runs, 4 hits, 0 errors, 3 left on base; Bompton 0 - Ogallala 2
TOP OF THE 2ND
Bompton Baby Lakers batting - Pitching for Ogallala Octopi : RHP Andy Harvey
Batting: RHB Keaton Sturge 0-0: Called Strike
0-1: Ground out 5-3 (Groundball, 56, EV 79.4 MPH)
Batting: RHB David Taylor 0-0: Swinging Strike
0-1: Ball
1-1: Foul Ball, location: 2F
1-2: Ball
2-2: Foul Ball, location: 2F
2-2: Ball
3-2: Ground out 6-3 (Groundball, 4MS, EV 89.4 MPH)
Batting: RHB Tim Rowland 0-0: Swinging Strike
0-1: Called Strike
0-2: Strikes out swinging
Top of the 2nd over - 0 runs, 0 hits, 0 errors, 0 left on base; Bompton 0 - Ogallala 2
BOTTOM OF THE 2ND
Ogallala Octopi batting - Pitching for Bompton Baby Lakers : RHP Duane Coleman
Batting: SHB Gabriel Ruíz 0-0: Called Strike
0-1: Swinging Strike
0-2: Foul Ball, location: 2F
0-2: Ball
1-2: Ball
2-2: Foul Ball, location: 2F
2-2: Strikes out swinging
Batting: LHB Carlos Velardes 0-0: SINGLE (Line Drive, 4D, EV 94.4 MPH)
Batting: RHB Roberto Flores 0-0: Called Strike
0-1: Called Strike
0-2: Strikes out looking
Batting: RHB Bill Uttley 0-0: Called Strike
0-1: Ball
1-1: Fly out, F9 (Flyball, 9S, EV 85.6 MPH)
Bottom of the 2nd over - 0 runs, 1 hit, 0 errors, 1 left on base; Bompton 0 - Ogallala 2
TOP OF THE 3RD
Bompton Baby Lakers batting - Pitching for Ogallala Octopi : RHP Andy Harvey
Batting: RHB Cal Moore 0-0: Ball
1-0: Ground out 4-3 (Groundball, 34, EV 86.9 MPH)
Batting: RHB Joe Hicks 0-0: Ground out 6-3 (Groundball, 56, EV 82.5 MPH)
Batting: RHB Mark Lawless 0-0: Called Strike
0-1: Foul Ball, location: 2F
0-2: Strikes out swinging
Top of the 3rd over - 0 runs, 0 hits, 0 errors, 0 left on base; Bompton 0 - Ogallala 2
BOTTOM OF THE 3RD
Ogallala Octopi batting - Pitching for Bompton Baby Lakers : RHP Duane Coleman
Batting: RHB Jim Wood 0-0: Called Strike
0-1: Ground out 4-3 (Groundball, 4, EV 87.5 MPH)
Batting: SHB Ramón Cervantes 0-0: DOUBLE (Line Drive, 89D, EV 106.2 MPH)
Batting: RHB Tetsuhiko Baba 0-0: Ball
1-0: Fly out, F9 (Line Drive, 9D, EV 109.4 MPH)
Runner from 2nd tags up, SAFE at 3rd with throw by RF
Batting: SHB Lyonya Wanyushin 0-0: Ball
Passed Ball!
Ramón Cervantes scores
1-0: Foul Ball, location: 2F
1-1: Ball
2-1: SINGLE (Line Drive, 8LS, EV 110.6 MPH)
Batting: RHB Jack Lang 0-0: SINGLE (Groundball, 34D, EV 98.8 MPH)
Lyonya Wanyushin to second
Runner from 2nd tries for 3rd, OUT! 9-5
Bottom of the 3rd over - 1 run, 3 hits, 0 errors, 1 left on base; Bompton 0 - Ogallala 3
TOP OF THE 4TH
Bompton Baby Lakers batting - Pitching for Ogallala Octopi : RHP Andy Harvey
Batting: LHB Leonardo Valdéz 0-0: Called Strike
0-1: Ball
1-1: Ball
2-1: Called Strike
2-2: Ball
3-2: Strikes out swinging
Batting: LHB Ron Stevenson 0-0: Ball
1-0: Swinging Strike
1-1: Ground out 4-3 (Groundball, 34, EV 103.8 MPH)
Batting: RHB Jason Wilson 0-0: Ball
1-0: Ball
2-0: Called Strike
2-1: Called Strike
2-2: Strikes out swinging
Top of the 4th over - 0 runs, 0 hits, 0 errors, 0 left on base; Bompton 0 - Ogallala 3
BOTTOM OF THE 4TH
Ogallala Octopi batting - Pitching for Bompton Baby Lakers : RHP Duane Coleman
Batting: SHB Gabriel Ruíz 0-0: Called Strike
0-1: Ball
1-1: Ball
2-1: Called Strike
2-2: Foul Ball, location: 2F
2-2: Foul Ball, location: 2F
2-2: Ball
3-2: Ground out 4-3 (Groundball, 4, EV 104.4 MPH)
Batting: LHB Carlos Velardes 0-0: Ball
1-0: Ball
2-0: Ground out U3 (Groundball, 3, EV 91.2 MPH)
Batting: RHB Roberto Flores 0-0: Ball
1-0: Called Strike
1-1: Ground out 6-3 (Groundball, 6, EV 83.1 MPH)
Bottom of the 4th over - 0 runs, 0 hits, 0 errors, 0 left on base; Bompton 0 - Ogallala 3
TOP OF THE 5TH
Bompton Baby Lakers batting - Pitching for Ogallala Octopi : RHP Andy Harvey
Batting: RHB Keaton Sturge 0-0: SINGLE (Groundball, 56D, EV 95.0 MPH)
Batting: RHB David Taylor 0-0: Swinging Strike
0-1: Ball
1-1: Called Strike
1-2: Ground out 3-1 (Groundball, 34, EV 85.6 MPH)
Keaton Sturge to second
Batting: RHB Tim Rowland 0-0: Ball
1-0: Foul Ball, location: 2F
1-1: Ball
2-1: Ball
3-1: SINGLE (Line Drive, 8LS, EV 91.2 MPH)
Keaton Sturge to third
Throwing error, E8
Keaton Sturge scores
Tim Rowland to second
Batting: RHB Cal Moore 0-0: Ball
1-0: Ground out 4-3 (Groundball, 4M, EV 86.2 MPH)
Tim Rowland to third
Batting: RHB Joe Hicks 0-0: Called Strike
0-1: Foul Ball, location: 2F
0-2: SINGLE (Groundball, 4D, EV 101.9 MPH)
Tim Rowland scores
Batting: RHB Mark Lawless 0-0: Called Strike
0-1: Ball
1-1: Fly out, F8 (Flyball, 8RD, EV 88.1 MPH)
Top of the 5th over - 2 runs, 3 hits, 1 error, 1 left on base; Bompton 2 - Ogallala 3
BOTTOM OF THE 5TH
Ogallala Octopi batting - Pitching for Bompton Baby Lakers : RHP Duane Coleman
Batting: RHB Bill Uttley 0-0: SINGLE (Groundball, 15, EV 66.2 MPH) (infield hit)
Batting: RHB Jim Wood 0-0: Ball
1-0: Called Strike
1-1: Called Strike
Bill Uttley steals 2nd base
1-2: Ground out 5-3 (Groundball, 5, EV 106.9 MPH)
Batting: SHB Ramón Cervantes 0-0: Intentional Walk
Batting: RHB Tetsuhiko Baba 0-0: Ball
1-0: Ball
2-0: Ball
3-0: Called Strike
3-1: Foul Ball, location: 2F
3-2: SINGLE (Groundball, 6D, EV 109.4 MPH)
Bill Uttley to third
Ramón Cervantes to second
Runner from 3rd tries for Home, throw by LF and OUT! 7-2
Batting: SHB Lyonya Wanyushin 0-0: Ball
1-0: Swinging Strike
1-1: Ball
2-1: Swinging Strike
2-2: Foul Ball, location: 2F
2-2: Foul Ball, location: 2F
2-2: Ball
3-2: Strikes out swinging
Bottom of the 5th over - 0 runs, 2 hits, 0 errors, 2 left on base; Bompton 2 - Ogallala 3
TOP OF THE 6TH
Bompton Baby Lakers batting - Pitching for Ogallala Octopi : RHP Andy Harvey
Batting: LHB Leonardo Valdéz 0-0: Called Strike
0-1: Swinging Strike
0-2: Strikes out swinging
Batting: LHB Ron Stevenson 0-0: Fly out, F8 (Flyball, 78D, EV 91.9 MPH)
Batting: RHB Jason Wilson 0-0: SINGLE (Groundball, 6MD, EV 95.6 MPH)
Batting: RHB Keaton Sturge 0-0: Ball
1-0: Foul Ball, location: 2F
1-1: Ball
2-1: Called Strike
2-2: Reached on error, E5 (Groundball, 56, EV 102.5 MPH)
Jason Wilson to second
Batting: RHB David Taylor 0-0: Ball
1-0: Swinging Strike
1-1: Swinging Strike
1-2: Strikes out swinging
Top of the 6th over - 0 runs, 1 hit, 1 error, 2 left on base; Bompton 2 - Ogallala 3
BOTTOM OF THE 6TH
Ogallala Octopi batting - Pitching for Bompton Baby Lakers : RHP Duane Coleman
Batting: RHB Jack Lang 0-0: Foul Ball, location: 2F
0-1: Ball
1-1: Ball
2-1: Ball
3-1: Called Strike
3-2: SINGLE (Groundball, 6MD, EV 105.0 MPH)
Batting: SHB Gabriel Ruíz 0-0: Ball
1-0: Ball
2-0: Ball
3-0: Called Strike
3-1: Base on Balls
Jack Lang to second
Batting: LHB Carlos Velardes 0-0: Bunted foul
0-1: Sac Bunt to 23 - play at first, batter OUT! 3-4
Jack Lang to third
Gabriel Ruíz to second
Batting: RHB Roberto Flores 0-0: SINGLE (Groundball, 56, EV 100.6 MPH)
Jack Lang scores
Gabriel Ruíz to third
Batting: RHB Bill Uttley 0-0: Fielders Choice at 2nd, 6-4 (Groundball, 6, EV 80.6 MPH)
Gabriel Ruíz scores
Batting: RHB Jim Wood 0-0: Ball
1-0: Foul Ball, location: 2F
1-1: Foul Ball, location: 2F
1-2: Ball
2-2: DOUBLE (Flyball, 8RXD, EV 93.8 MPH)
Bill Uttley to third
Batting: SHB Ramón Cervantes 0-0: Intentional Walk
Batting: RHB Tetsuhiko Baba 0-0: Ball
1-0: Called Strike
1-1: SINGLE (Line Drive, 56D, EV 105.0 MPH)
Bill Uttley scores
Jim Wood to third
Ramón Cervantes to second
Runner from 3rd tries for Home, SAFE, no throw by LF
Pitching: LHP Guo-ning Wang
Batting: SHB Lyonya Wanyushin 0-0: Ball
1-0: Foul Ball, location: 2F
1-1: Called Strike
1-2: Foul Ball, location: 2LF, Error on foul ball, E2
1-2: Strikes out swinging
Bottom of the 6th over - 4 runs, 4 hits, 1 error, 2 left on base; Bompton 2 - Ogallala 7
TOP OF THE 7TH
Bompton Baby Lakers batting - Pitching for Ogallala Octopi : RHP Andy Harvey
Batting: RHB Tim Rowland 0-0: DOUBLE (Flyball, 89D, EV 100.6 MPH)
Batting: RHB Cal Moore 0-0: Ground out 1-3 (Groundball, 34S, EV 68.8 MPH)
Tim Rowland to third
Batting: RHB Joe Hicks 0-0: Ground out 6-3 (Groundball, 6, EV 86.9 MPH)
Tim Rowland scores
Batting: RHB Mark Lawless 0-0: Foul Ball, location: 2F
0-1: Ball
1-1: Ball
2-1: Fly out, F7 (Flyball, 7, EV 88.1 MPH)
Top of the 7th over - 1 run, 1 hit, 0 errors, 0 left on base; Bompton 3 - Ogallala 7
BOTTOM OF THE 7TH
Ogallala Octopi batting - Pitching for Bompton Baby Lakers : LHP Guo-ning Wang
Batting: RHB Jack Lang 0-0: Foul Ball, location: 2F
0-1: Ball
1-1: DOUBLE (Groundball, 3L, EV 100.0 MPH)
Batting: SHB Gabriel Ruíz 0-0: Called Strike
0-1: Ground out 6-3 (Groundball, 6, EV 103.1 MPH)
Batting: LHB Carlos Velardes 0-0: Intentional Walk
Batting: RHB Roberto Flores 0-0: Called Strike
0-1: Ball
1-1: Foul Ball, location: 2F
1-2: Hit by Pitch
Jack Lang to third
Carlos Velardes to second
Batting: RHB Bill Uttley 0-0: Called Strike
0-1: DOUBLE (Flyball, 89XD, EV 100.6 MPH)
Jack Lang scores
Carlos Velardes scores
Roberto Flores to third
Batting: RHB Jim Wood 0-0: Ball
1-0: Foul Ball, location: 2F
1-1: Ball
Wild Pitch!
Roberto Flores scores
Bill Uttley to third
2-1: Foul Ball, location: 2F
2-2: SINGLE (Line Drive, 3D, EV 100.6 MPH)
Bill Uttley scores
Pitching: LHP Miquel Dijkstra
Batting: SHB Ramón Cervantes 0-0: Called Strike
0-1: Swinging Strike
0-2: Strikes out swinging
Batting: RHB Tetsuhiko Baba 0-0: SINGLE (Line Drive, 78S, EV 94.4 MPH)
Jim Wood to second
Batting: SHB Lyonya Wanyushin 0-0: Ball
1-0: Ball
2-0: Called Strike
2-1: Foul Ball, location: 2F
2-2: Foul Ball, location: 2F
2-2: Fielders Choice at 2nd, 6-4 (Groundball, 6, EV 90.0 MPH)
Bottom of the 7th over - 4 runs, 4 hits, 0 errors, 2 left on base; Bompton 3 - Ogallala 11
TOP OF THE 8TH
Bompton Baby Lakers batting - Pitching for Ogallala Octopi : RHP Andy Harvey
Batting: LHB Leonardo Valdéz 0-0: Called Strike
0-1: Ball
1-1: Swinging Strike
1-2: Ball
2-2: Ball
3-2: Strikes out swinging
Pitching: LHP Juan Hernández
Batting: LHB Ron Stevenson 0-0: Fly out, F9 (Flyball, 9LM, EV 74.4 MPH)
Batting: RHB Jason Wilson 0-0: Fly out, F3 (Popup, 3F, EV 78.8 MPH)
Top of the 8th over - 0 runs, 0 hits, 0 errors, 0 left on base; Bompton 3 - Ogallala 11
BOTTOM OF THE 8TH
Ogallala Octopi batting - Pitching for Bompton Baby Lakers : LHP Miquel Dijkstra
Batting: RHB Jack Lang 0-0: Ball
1-0: Swinging Strike
1-1: SINGLE (Line Drive, 8LS, EV 103.8 MPH)
Batting: SHB Gabriel Ruíz 0-0: SINGLE (Line Drive, 8LS, EV 89.4 MPH)
Jack Lang to second
Batting: LHB Carlos Velardes 0-0: Swinging Strike
0-1: Ball
1-1: Ball
2-1: SINGLE (Line Drive, 4MD, EV 97.5 MPH)
Jack Lang to third
Gabriel Ruíz to second
Runner from 3rd tries for Home, SAFE, no throw by CF
Batting: RHB Roberto Flores 0-0: SINGLE (Groundball, 6, EV 103.8 MPH) (infield hit)
Gabriel Ruíz to third
Carlos Velardes to second
Pitching: RHP Graviel Azevedo
Batting: RHB Bill Uttley 0-0: Ball
1-0: Swinging Strike
1-1: Foul Ball, location: 2F
1-2: Foul Ball, location: 2F
1-2: Strikes out looking
Batting: RHB Jim Wood 0-0: Called Strike
0-1: Ball
1-1: Ball
2-1: Swinging Strike
2-2: Foul Ball, location: 2F
2-2: Strikes out looking
Batting: SHB Ramón Cervantes 0-0: Called Strike
0-1: Foul Ball, location: 2F
0-2: Ground out 4-3 (Groundball, 4, EV 90.0 MPH)
Bottom of the 8th over - 1 run, 4 hits, 0 errors, 3 left on base; Bompton 3 - Ogallala 12
TOP OF THE 9TH
Bompton Baby Lakers batting - Pitching for Ogallala Octopi : LHP Juan Hernández
Batting: RHB Keaton Sturge 0-0: Called Strike
0-1: Ball
1-1: Ball
2-1: Ball
3-1: SINGLE (Line Drive, 8LS, EV 108.8 MPH)
Batting: RHB David Taylor 0-0: Called Strike
0-1: Called Strike
0-2: SINGLE (Line Drive, 8RS, EV 97.5 MPH)
Keaton Sturge to second
Batting: RHB Tim Rowland 0-0: Called Strike
0-1: Ball
1-1: Fly out, F8 (Line Drive, 8RM, EV 88.1 MPH)
Batting: RHB Cal Moore 0-0: Grounds into double play, U6-3 (Groundball, 4M, EV 100.6 MPH)
Top of the 9th over - 0 runs, 2 hits, 0 errors, 1 left on base; Bompton 3 - Ogallala 12
Friday, March 26th, 2021 - OOTP Baseball 20.8 Build 74